 Dungeon Crawl Stone Soup version 0.21.0 (webtiles) character file.

25174 mopl the Bludgeoner (level 12, -1/108 HPs)
             Began as a Minotaur Berserker on Jan 6, 2018.
             Was a High Priest of Trog.
             Slain by a fire elemental (5 damage)
             ... led by Azrael
             ... on level 2 of the Orcish Mines on Jan 7, 2018.
             The game lasted 00:25:08 (10626 turns).

mopl the Bludgeoner (Minotaur Berserker)           Turns: 10626, Time: 00:25:09

Health: -1/108     AC: 15    Str: 24    XL:     12   Next: 87%
Magic:  0/5        EV: 15    Int:  4    God:    Trog [*****.]
Gold:   874        SH:  0    Dex: 13    Spells: 11/11 levels left

rFire    + . .     SeeInvis .   W - +3 great mace (antimagic)
rCold    . . .     Gourm    .   (shield currently unavailable)
rNeg     . . .     Faith    .   S - +1 chain mail {rF+}
rPois    .         Spirit   +   (helmet restricted)
rElec    .         Reflect  .   k - +0 cloak
rCorr    .         Harm     .   (no gloves)
MR       ++...                  V - +0 pair of boots
Stlth    ..........             P - amulet of guardian spirit
HPRegen  1.28/turn              g - +3 ring of evasion
MPRegen  0.09/turn              a - +3 ring of evasion

@: berserk cooldown, regenerating, slowed, very slow
A: retaliatory headbutt, horns 2
a: Berserk, Trog's Hand, Brothers in Arms, Burn Spellbooks, Renounce Religion


You were on level 2 of the Orcish Mines.
You worshipped Trog.
Trog was extremely pleased with you.
You were very hungry.

You visited 3 branches of the dungeon, and saw 15 of its levels.
You also visited: Labyrinth.

You collected 978 gold pieces.
You spent 104 gold pieces at shops.

Inventory:

Hand Weapons
 K - the +7 quarterstaff "Tuvawkoe" {vamp, MR+ Stlth+, unknown}
   (You found it on level 9 of the Dungeon)

   It inflicts no extra harm, but heals its wielder when it wounds a living foe.
   It affects your resistance to hostile enchantments.
   It makes you more stealthy.
 M - a +0 blowgun
 W - a +3 antimagic great mace (weapon)
Missiles
 t - 42 poisoned needles
 B - 2 javelins of penetration (quivered)
 E - 2 throwing nets
 F - 6 tomahawks
 H - 2 javelins
 I - 8 needles of sleeping
Armour
 k - a +0 cloak (worn)
 S - a +1 chain mail of fire resistance (worn)
 V - a +0 pair of boots (worn)
Jewellery
 a - a +3 ring of evasion (right hand)
 g - a +3 ring of evasion (left hand)
 P - an amulet of guardian spirit (around neck)
 R - an uncursed ring of protection from cold
Wands
 j - a wand of iceblast (17)
 s - a wand of flame (18)
 y - a wand of enslavement (9)
 z - a wand of polymorph (15)
 G - a wand of acid (8)
 T - a wand of digging (17)
 U - a wand of paralysis (14)
Scrolls
 e - 12 scrolls of identify {unknown}
 f - 5 scrolls of fear {unknown}
 h - 3 scrolls of magic mapping {unknown}
 i - 6 scrolls of teleportation {unknown}
 l - 2 scrolls of amnesia {unknown}
 o - 4 scrolls of enchant armour {unknown}
 p - 12 scrolls of remove curse {unknown}
 u - a scroll of enchant weapon {unknown}
 x - 2 scrolls of blinking {unknown}
 A - 3 scrolls of immolation {unknown}
 N - a scroll of vulnerability {unknown}
 O - 2 scrolls of fog {unknown}
Potions
 b - a potion of resistance {unknown}
 d - 9 potions of curing {unknown}
 m - 2 potions of brilliance {unknown}
 n - 2 potions of ambrosia {unknown}
 q - a potion of invisibility {unknown}
 r - 2 potions of mutation {unknown}
 v - a potion of haste {unknown}
 w - 5 potions of heal wounds {unknown}
 C - 6 potions of flight {unknown}
 Q - 2 potions of cancellation {unknown}
Books
 J - a book of Maledictions

   Spells                             Type                      Level
   a - Corona                         Hexes                        1
   b - Ensorcelled Hibernation        Hexes/Ice                    2
   c - Confuse                        Hexes                        3
   d - Tukima's Dance                 Hexes                        3
   e - Dazzling Spray                 Conjuration/Hexes            3
   Trog disapproves of the use of such an item.
Miscellaneous
 L - a box of beasts
Comestibles
 c - 24 rations
 D - 6 chunks of flesh


   Skills:
 + Level 10.8 Fighting
 * Level 16.2 Maces & Flails
 + Level 8.3 Throwing
 + Level 10.4 Armour
 - Level 2.1 Dodging
 + Level 7.6 Evocations


You had 11 spell levels left.
You didn't know any spells.

Dungeon Overview and Level Annotations

Branches:
Dungeon (12/15)            Temple (1/1) D:7            Lair (0/6) D:9
    Orc (2/2) D:10
    Elf: Orc:2

Altars:
Ashenzari
Dithmenos
Elyvilon
Gozag
Hepliaklqana
Kikubaaqudgha
Makhleb
Ru
Uskayaw
Wu Jian
Xom
The Shining One

Shops:
D:4 *

Annotations:
D:8 dig
Orc:2 Azrael, Maurice


Innate Abilities, Weirdness & Mutations

You reflexively headbutt those who attack you in melee.
You have a pair of horns on your head.


Message History

The fire elemental misses you. The fire elemental hits you.
The fire elemental burns you! You resist.
* * * LOW HITPOINT WARNING * * *
Your skin crawls.
You feel resistant to hostile enchantments.
You feel somewhat more hungry. The hell hound breathes flames at you.
The blast of flame hits you! You resist.
* * * LOW HITPOINT WARNING * * *
Your ogre hits the hell hound with a giant club.
The fire elemental closely misses you. The fire elemental barely misses you.
You furiously retaliate!
You headbutt the fire elemental, but do no damage.
Azrael hits you with a scimitar of flaming!
* * * LOW HITPOINT WARNING * * *
Azrael burns you.
* * * LOW HITPOINT WARNING * * *
The hell hound bites you but does no damage.
The fire elemental hits you. The fire elemental burns you! You resist.
You die...

### ##.###
#..).# #.).###
##.###)...#
#....)<@R##
##.#.OhEE.#
#...........#
#.............#
##.$..........#
#......##.....#
.......##
...... .......
#.....


You could see Azrael, 2 fire elementals, a hell hound and a friendly ogre
(berserk).

Vanquished Creatures
  An orc warlord (D:10)
  A minotaur (Lab)
  A hydra (D:11)
  A centaur warrior (D:10)
  10 two-headed ogres
  The ghost of KristoblXynda the Covert, a journeyman SpFi of Gozag (D:11)
  An orc knight (D:10)
  A deep elf mage (D:12)
  2 orc sorcerers
  The ghost of Nr616 the Carver, a novice MiBe of Trog (D:5)
  A queen bee (shapeshifter) (D:11)
  2 trolls
  Grinder (D:5)
  3 hippogriffs
  2 redbacks (Lab)
  12 yaks
  7 hungry ghosts
  Eustachio (D:5)
  A fire elemental (Orc:2)
  A steam dragon (D:11)
  3 wargs (D:10)
  A water moccasin (D:12)
  2 hell hounds (Orc:2)
  16 orc warriors
  A sky beast (D:5)
  An eye of draining (D:12)
  2 phantoms
  2 ice beasts (D:12)
  7 ogres
  A necrophage (D:10)
  5 centaurs
  A crocodile (D:9)
  A gnoll sergeant (D:8)
  3 bullfrogs
  2 scorpions
  A wyvern skeleton (D:12)
  21 killer bees
  11 wights
  3 troll zombies (D:10)
  5 howler monkeys
  7 crimson imps
  A centaur zombie (D:5)
  2 bullfrog zombies
  7 jellies
  A quasit (D:5)
  Ijyb (D:4)
  13 orc priests
  3 centaur skeletons
  5 hounds
  15 orc wizards
  2 bullfrog skeletons
  3 iguanas
  8 worker ants
  5 ogre zombies (D:10)
  3 hound skeletons
  3 worker ant zombies
  3 gnolls (D:8)
  16 adders
  2 howler monkey skeletons
  2 shadow imps
  An ooze (D:3)
  2 adder zombies
  2 worms (D:2)
  2 dart slugs (D:2)
  The ghost of dscm the Digger, a weakling OpEE (D:4)
  3 leopard geckos
  59 orcs
  2 giant cockroaches
  9 goblins
  5 hobgoblins
  7 jackals (D:2)
  6 kobolds
  4 quokkas
  A ball python (D:3)
  9 bats
  2 frilled lizards
  4 goblin skeletons (D:10)
  2 goblin zombies (D:10)
  2 hobgoblin skeletons (D:10)
  A jackal skeleton (D:9)
  2 leopard gecko skeletons
  3 orc skeletons (D:10)
  13 orc zombies (D:10)
  9 rats
393 creatures vanquished.

Vanquished Creatures (others)
  5 dream sheep (D:4)
  A human (D:9)
6 creatures vanquished.

Grand Total: 399 creatures vanquished

Notes
Turn   | Place    | Note
-------+----------+-------------------------------------------
     0 | D:1      | mopl the Minotaur Berserker began the quest for the Orb.
     0 | D:1      | Reached XP level 1. HP: 19/19 MP: 0/0
   303 | D:1      | Reached skill level 4 in Maces & Flails
   481 | D:1      | Reached XP level 2. HP: 24/26 MP: 1/1
   753 | D:2      | Found a burning altar of Makhleb.
   796 | D:2      | Reached skill level 5 in Maces & Flails
   796 | D:2      | Reached XP level 3. HP: 20/31 MP: 2/2
   911 | D:2      | Reached ** piety under Trog
   916 | D:2      | Reached XP level 4. HP: 39/39 MP: 3/3
   917 | D:2      | Reached skill level 6 in Maces & Flails
  1053 | D:2      | Found a sacrificial altar of Ru.
  1366 | D:3      | Reached XP level 5. HP: 42/45 MP: 4/4
  1371 | D:3      | Reached skill level 7 in Maces & Flails
  1621 | D:3      | Reached *** piety under Trog
  1815 | D:4      | Found a hide-covered altar of Uskayaw.
  1815 | D:4      | Noticed a hand axe
  1816 | D:4      | Noticed a hand axe
  1889 | D:4      | Noticed dscm's ghost (weakling OpEE)
  1891 | D:4      | Killed dscm's ghost
  1972 | D:4      | Reached skill level 8 in Maces & Flails
  1977 | D:4      | Noticed a dream sheep
  1977 | D:4      | Noticed a dream sheep
  1977 | D:4      | Noticed a dream sheep
  1977 | D:4      | Noticed a dream sheep
  1977 | D:4      | Noticed a dream sheep
  1977 | D:4      | Found a shimmering altar of Xom.
  1980 | D:4      | Killed a dream sheep
  1982 | D:4      | Killed a dream sheep
  1982 | D:4      | Killed a dream sheep
  1982 | D:4      | Killed a dream sheep
  1984 | D:4      | Killed a dream sheep
  1995 | D:4      | Noticed Ijyb
  2008 | D:4      | Killed Ijyb
  2008 | D:4      | Reached XP level 6. HP: 22/51 MP: 5/5
  2128 | D:4      | Found Cohetiq's Assorted Antiques.
  2134 | D:4      | Bought a murky red potion for 19 gold pieces
  2134 | D:4      | Bought a yellow potion for 19 gold pieces
  2134 | D:4      | Bought a scroll labeled NUHOHY AGRYTEO for 22 gold pieces
  2134 | D:4      | Bought a scroll labeled NUHOHY AGRYTEO for 22 gold pieces
  2134 | D:4      | Bought a scroll labeled LIVVAGO GUQO for 22 gold pieces
  2250 | D:4      | Reached skill level 9 in Maces & Flails
  2388 | D:5      | Entered Level 5 of the Dungeon
  2404 | D:5      | Reached XP level 7. HP: 41/57 MP: 6/6
  2558 | D:5      | Noticed Nr616's ghost (novice MiBe)
  2564 | D:5      | Reached skill level 10 in Maces & Flails
  2571 | D:5      | Killed Nr616's ghost
  2571 | D:5      | Reached skill level 4 in Fighting
  2571 | D:5      | Reached skill level 1 in Throwing
  2571 | D:5      | Reached skill level 3 in Armour
  2571 | D:5      | Reached skill level 1 in Evocations
  2712 | D:5      | Noticed Grinder
  2724 | D:5      | Killed Grinder
  2724 | D:5      | Reached skill level 2 in Throwing
  2724 | D:5      | Reached XP level 8. HP: 47/67 MP: 6/8
  2861 | D:5      | Reached skill level 2 in Evocations
  2977 | D:5      | Reached skill level 5 in Fighting
  2977 | D:5      | Reached skill level 4 in Armour
  2989 | D:5      | Noticed Eustachio
  2999 | D:5      | Killed Eustachio
  2999 | D:5      | Reached skill level 11 in Maces & Flails
  3274 | D:5      | Reached **** piety under Trog
  3469 | D:6      | Reached skill level 3 in Throwing
  3507 | D:6      | Found a shattered altar of Ashenzari.
  3616 | D:6      | Found an ornate altar of the Wu Jian Council.
  3617 | D:6      | Found a glowing golden altar of the Shining One.
  3618 | D:6      | Found a white marble altar of Elyvilon.
  3663 | D:6      | Reached XP level 9. HP: 75/75 MP: 10/10
  3668 | D:6      | Reached skill level 5 in Armour
  3671 | D:6      | Found a hazy altar of Hepliaklqana.
  3674 | D:6      | Reached skill level 3 in Evocations
  4325 | D:7      | Found a shimmering altar of Xom.
  4369 | D:7      | Found a staircase to the Ecumenical Temple.
  4404 | Temple   | Entered the Ecumenical Temple
  4438 | D:7      | Reached skill level 6 in Fighting
  4441 | D:7      | Found an opulent altar of Gozag.
  4700 | D:7      | Found a shadowy altar of Dithmenos.
  4912 | D:7      | Reached skill level 12 in Maces & Flails
  5046 | D:8      | Received a gift from Trog
  5109 | D:8      | Noticed a two-headed ogre
  5117 | D:8      | Killed a two-headed ogre
  5117 | D:8      | Reached skill level 4 in Throwing
  5117 | D:8      | Reached skill level 6 in Armour
  5117 | D:8      | Reached skill level 4 in Evocations
  5160 | D:8      | Reached skill level 7 in Fighting
  5369 | D:8      | Noticed a two-headed ogre
  5380 | D:8      | Killed a two-headed ogre
  5380 | D:8      | Reached XP level 10. HP: 48/86 MP: 12/12
  5493 | D:9      | Found a shimmering altar of Xom.
  5560 | D:9      | Received a gift from Trog
  5568 | D:9      | Noticed a two-headed ogre
  5568 | D:9      | Noticed a two-headed ogre
  5586 | D:9      | Killed a two-headed ogre
  5586 | D:9      | Reached skill level 13 in Maces & Flails
  5586 | D:9      | Reached skill level 5 in Throwing
  5586 | D:9      | Reached skill level 7 in Armour
  5589 | D:9      | Killed a two-headed ogre
  5589 | D:9      | Reached skill level 5 in Evocations
  5648 | D:9      | Found an ancient bone altar of Kikubaaqudgha.
  5655 | D:9      | Noticed a two-headed ogre
  5667 | D:9      | Killed a two-headed ogre
  5667 | D:9      | Reached skill level 8 in Fighting
  5673 | D:9      | Got a jewelled quarterstaff
  6132 | D:9      | Noticed a two-headed ogre
  6139 | D:9      | Killed a two-headed ogre
  6179 | D:9      | Found a staircase to the Lair.
  6277 | D:10     | Entered Level 10 of the Dungeon
  6288 | D:10     | Reached XP level 11. HP: 95/95 MP: 14/14
  6405 | D:10     | Noticed a two-headed ogre
  6417 | D:10     | Killed a two-headed ogre
  6417 | D:10     | Reached skill level 14 in Maces & Flails
  6417 | D:10     | Reached skill level 6 in Throwing
  6417 | D:10     | Reached skill level 8 in Armour
  6573 | D:10     | Reached ***** piety under Trog
  6636 | D:10     | Received a gift from Trog
  6670 | D:10     | Found a staircase to the Orcish Mines.
  6756 | D:10     | Noticed a two-headed ogre
  6765 | D:10     | Killed a two-headed ogre
  6835 | D:10     | Reached skill level 9 in Fighting
  6924 | D:10     | Noticed a centaur warrior
  6936 | D:10     | Killed a centaur warrior
  6936 | D:10     | Reached skill level 6 in Evocations
  7044 | D:11     | Noticed a five-headed hydra
  7057 | D:11     | Killed a five-headed hydra
  7084 | D:11     | Found a flagged portal.
  7307 | D:11     | Received a gift from Trog
  7401 | D:11     | Noticed KristoblXynda's ghost (journeyman SpFi)
  7562 | D:11     | Killed KristoblXynda's ghost
  7562 | D:11     | Reached skill level 7 in Throwing
  7562 | D:11     | Reached skill level 9 in Armour
  7602 | D:11     | Noticed a two-headed ogre
  7603 | D:11     | Reached skill level 15 in Maces & Flails
  7618 | D:11     | Killed a two-headed ogre
  7618 | D:11     | Reached XP level 12. HP: 65/106 MP: 15/15
  8137 | D:12     | Found a labyrinth entrance.
  8146 | Lab      | Entered a labyrinth
  8309 | Lab      | Found an exit through the horrors of the Abyss.
  8899 | Lab      | Reached skill level 10 in Fighting
  8982 | Lab      | Noticed a minotaur
  8992 | Lab      | Killed a minotaur
  9119 | D:12     | Reached skill level 7 in Evocations
  9255 | D:12     | Received a gift from Trog
  9575 | Orc:1    | Entered Level 1 of the Orcish Mines
  9575 | Orc:1    | Noticed an orc warlord
  9804 | D:10     | Reached skill level 10 in Armour
 10014 | D:10     | Killed an orc warlord
 10014 | D:10     | Reached skill level 16 in Maces & Flails
 10014 | D:10     | Reached skill level 8 in Throwing
 10587 | Orc:2    | Entered Level 2 of the Orcish Mines
 10596 | Orc:2    | Noticed a two-headed ogre
 10606 | Orc:2    | Killed a two-headed ogre
 10607 | Orc:2    | Noticed Azrael
 10609 | Orc:2    | Noticed Maurice
 10626 | Orc:2    | HP: 4/108 [Azrael/scimitar of flaming (2)]
 10626 | Orc:2    | Slain by a fire elemental

Skill      XL: |  1  2  3  4  5  6  7  8  9 10 11 12 |
---------------+-------------------------------------+-----
Maces & Flails | 4 5 6 8 9 10 11 12 13 15 16 | 16.2
Fighting       | 4 5 7 8 9 10 | 10.8
Throwing       | 2 3 4 5 7 8 |  8.3
Armour         | 3 4 6 7 9 10 | 10.4
Evocations     | 1 2 4 5 6 7 |  7.6
Dodging        | |  2.1

Action                   |  1- 3 |  4- 6 |  7- 9 | 10-12 || total
-------------------------+-------+-------+-------+-------++-------
Melee: Mace              |    51 |    42 |       |       ||    93
       Headbutt          |    12 |    31 |    45 |   139 ||   227
       Flail             |       |   125 |    85 |       ||   210
       Morningstar       |       |       |    12 |       ||    12
       Dire flail        |       |       |   146 |   551 ||   697
       Great mace        |       |       |       |   126 ||   126
Throw: Tomahawk          |       |       |       |     2 ||     2
Invok: Berserk           |     1 |     3 |     6 |    12 ||    22
       Burn Spellbooks   |       |     1 |       |     2 ||     3
       Trog's Hand       |       |       |     1 |     4 ||     5
       Brothers in Arms  |       |       |       |     1 ||     1
  Eat: Chunk             |       |     9 |    12 |    30 ||    51
       Ration            |       |       |     1 |     3 ||     4
Armor: Scale mail        |    20 |    58 |    27 |       ||   105
       Animal skin       |     1 |       |       |       ||     1
       Plate armour      |       |       |    30 |   167 ||   197
       Chain mail        |       |       |    11 |    41 ||    52
Dodge: Dodged            |    39 |   137 |   128 |   446 ||   750
